AoeStats
← claudio_miranda_94

Arabia

510174556Analyzed
1v1 RM · 3d ago on Sep 29, 2026· 37m 13s· 2 players
Game mode
Random Map
Map size
Tiny (2 player)
Population
200
Speed
Normal
Resources
Standard
Victory
Conquest
Starting age
Dark Age
Ending age
Imperial Age
RankedLock teamsTeams togetherTeam positionsShared explorationLock speedFull tech treeHidden civsTurbo modeCheats
Victory
Defeat
808
+15
🇺🇸 Byzantines · United States
777
-38
riskybusiness69
11:19 Feudal Age
13:06 Double-Bit Axe
16:08 Loom
16:39 Scale Barding Armor
18:42 Castle Age
18:05 Gold Mining
19:17 Light Cavalry
21:33 Bow Saw
21:38 Horse Collar
23:30 Wheelbarrow
23:22 Heavy Plow
24:27 Stone Mining
28:16 Crossbowman
30:01 Squires
29:29 Pikeman
31:32 Hand Cart
31:56 Scale Barding Armor
32:15 Ballistics
33:19 Thumb Ring
36:51 Imperial Age
claudio_miranda_94
8:12 Loom
10:39 Feudal Age
12:37 Double-Bit Axe
12:33 Horse Collar
21:03 Castle Age
19:42 Scale Mail Armor
20:54 Padded Archer Armor
20:45 Fletching
22:07 Gold Mining
22:07 Stone Mining
22:34 Pikeman
22:36 Elite Skirmisher
23:22 Squires
24:29 Bow Saw
23:49 Light Cavalry
24:29 Husbandry
24:36 Town Watch
25:24 Town Patrol
25:59 Heavy Plow
27:55 Wheelbarrow
28:55 Hand Cart
33:23 Imperial Age
31:30 Thumb Ring
32:11 Treadmill Crane
32:45 Masonry
32:57 Ballistics
32:33 Murder Holes
34:53 Halberdier
36:10 Leather Archer Armor
35:51 Bodkin Arrow
36:48 Bloodlines
Connection lost

Rejoining the realm…

Still unreachable

The connection could not be restored.

Session expired

The server has moved on; the page needs a fresh start.